 Dungeon Crawl Stone Soup version 0.21-a0-150-gc243083 (webtiles) character file.

111 KarmaPolice the Slasher (level 4, -7/34 HPs)
             Began as a Vampire Gladiator on July 29, 2017.
             Mangled by a gnoll
             ... wielding a +0 whip
              (8 damage)
             ... on level 3 of the Dungeon.
             The game lasted 00:03:58 (2163 turns).

KarmaPolice the Slasher (Vampire Gladiator)         Turns: 2163, Time: 00:03:59

Health: -7/34      AC:  4    Str: 13    XL:     4   Next: 62%
Magic:  4/4        EV: 14    Int: 10    God:
Gold:   80         SH:  0    Dex: 16    Spells: 3/3 levels left

rFire    . . .     SeeInvis +   a - +0 long sword
rCold    + . .     Gourm    .   (no shield)
rNeg     + + .     Faith    .   b - +0 leather armour
rPois    +         Spirit   .   c - +0 helmet
rElec    .         Reflect  .   (no cloak)
rCorr    .         Harm     .   (no gloves)
MR       .....                  (no boots)
Stlth    ++........             (no amulet)
HPRegen  0.05/turn              (no ring)
MPRegen  0.09/turn              (no ring)

@: regenerating slowly
A: fangs 3, see invisible, unbreathing
a: Bat Form


You were on level 3 of the Dungeon.
You were very thirsty.

You visited 1 branch of the dungeon, and saw 3 of its levels.

You collected 80 gold pieces.

Inventory:

Hand Weapons
 a - a +0 long sword (weapon)
Missiles
 d - 3 throwing nets (quivered)
Armour
 b - a +0 leather armour (worn)
 c - a +0 helmet (worn)
Jewellery
 h - an uncursed ring of ice {unknown}
 n - a +3 ring of dexterity {unknown}
 q - an uncursed ring of see invisible {unknown}
Scrolls
 f - a scroll of teleportation {unknown}
 i - a scroll of magic mapping {unknown}
 j - 2 scrolls of identify {unknown}
 l - a scroll of noise {unknown}
 o - a scroll of recharging {unknown}
 u - a scroll of enchant armour {unknown}
Potions
 e - 15 potions of blood
 g - a potion of haste
 k - a potion of agility {unknown}
 m - a potion of curing
 p - a potion of mutation {unknown}
 r - a potion of invisibility {unknown}
 s - a potion of berserk rage {unknown}
 t - a potion of cancellation {unknown}


   Skills:
 + Level 2.8 Fighting
 + Level 4.3 Long Blades
 - Level 1.5 Throwing
 + Level 4.1 Dodging


You had 3 spell levels left.
You didn't know any spells.

Dungeon Overview and Level Annotations

Branches:
Dungeon (3/15)

Altars:
Cheibriados


Innate Abilities, Weirdness & Mutations

You heal slowly.
You have razor-sharp teeth.
You have supernaturally acute eyesight. (SInv)
You can survive without breathing.


Message History

The gnoll hits you with a whip.
* * * LOW HITPOINT WARNING * * *
The adder bites you but does no damage.
You feel better. The adder bites you.
* * * LOW HITPOINT WARNING * * *
The gnoll closely misses you.
You miss the adder. The adder closely misses you. The gnoll closely misses you.
The adder closely misses you.
You hit the adder but do no damage. The gnoll barely misses you.
The adder closely misses you. The gnoll barely misses you.
You riposte.
You closely miss the gnoll.
The gnoll is almost dead.
You miss the adder. The adder closely misses you.
You riposte.
You closely miss the adder. The gnoll hits you with a whip.
* * * LOW HITPOINT WARNING * * *
The adder bites you.
* * * LOW HITPOINT WARNING * * *
You completely miss the adder. The adder closely misses you.
The gnoll hits you with a whip!
You die...

#.# .. ##.# #.. #.# #
######.##### .#
#..........# ##.#
#....).....#########...###
####
#............S@g..........
....
#..........#######...####
#### #......)...# #..###
#...<......# #.##
############ ##.# ####
##..# #... #####..## #.#.
#.....## #.##
#.################.##


You could see a gnoll and an adder.

Vanquished Creatures
  3 gnolls (D:3)
  2 adders (D:2)
  4 worms
  A dart slug (D:1)
  3 leopard geckos
  An orc (D:3)
  2 giant cockroaches
  8 goblins
  4 hobgoblins
  6 jackals
  2 ball pythons (D:1)
  5 bats
  3 frilled lizards
  3 kobolds
  A rat (D:2)
48 creatures vanquished.

Vanquished Creatures (others)
  A quokka (D:3)
1 creature vanquished.

Grand Total: 49 creatures vanquished

Notes
Turn   | Place    | Note
-------+----------+-------------------------------------------
     0 | D:1      | KarmaPolice the Vampire Gladiator began the quest for the Orb.
     0 | D:1      | Reached XP level 1. HP: 16/16 MP: 1/1
   177 | D:1      | Reached XP level 2. HP: 22/22 MP: 2/2
  1074 | D:2      | Found a snail-covered altar of Cheibriados.
  1088 | D:2      | Reached XP level 3. HP: 25/27 MP: 3/3
  1800 | D:3      | Reached XP level 4. HP: 31/34 MP: 4/4
  2116 | D:3      | HP: 1/34 [gnoll/whip (3)]
  2158 | D:3      | HP: 1/34 [gnoll/whip (3)]
  2163 | D:3      | Mangled by a gnoll

Vault maps used:
D:1:      scummos_arrival_forest
D:2:      lemuel_doored_altar
D:3:      elyvilon_altar_4

Skill      XL: |  1  2  3  4 |
---------------+-------------+-----
Fighting       | 2 |  2.8
Long Blades    | 4 |  4.3
Dodging        | 4 |  4.1
Throwing       | |  1.5

Action                   |  1- 3 |  4- 6 || total
-------------------------+-------+-------++-------
Melee: Long sword        |    78 |    50 ||   128
       Bite              |    10 |     6 ||    16
  Use: Potion            |       |     2 ||     2
 Stab: Sleeping          |     5 |     1 ||     6
  Eat: Corpse            |     1 |       ||     1
Armor: Leather armour    |    21 |     5 ||    26
Dodge: Dodged            |    64 |    31 ||    95
       Rpst.: Long sword |    19 |    11 ||    30
